 Dungeon Crawl Stone Soup version 0.29-a0-67-g1d65ae1bb4 (webtiles) character file.

Game seed: 12630540218721416332

414 Glokmah the Conjurer (level 6, -3/51 HPs)
             Began as a Hill Orc Hedge Wizard on Feb 3, 2022.
             Slain by a sky beast (5 damage)
             ... on level 6 of the Dungeon.
             The game lasted 00:12:44 (6562 turns).

Glokmah the Conjurer (Hill Orc Hedge Wizard)        Turns: 6562, Time: 00:12:45

Health: -3/51      AC:  6    Str: 13    XL:     6   Next: 91%
Magic:  1/10       EV: 11    Int: 16    God:
Gold:   130        SH:  0    Dex: 10    Spells: 3/11 levels left

rFire   . . .      SeeInvis .   m - +1 whip (flame)
rCold   . . .      Faith    .   (no shield)
rNeg    . . .      Spirit   .   b - +0 robe
rPois   .          Reflect  .   l - +1 helmet
rElec   .          Harm     .   (no cloak)
rCorr   .          Rampage  .   h - +0 pair of gloves
Will    .....                   t - +0 pair of boots
Stlth   ++........              o - amulet of the acrobat
HPRegen 0.17/turn               (no ring)
MPRegen 0.12/turn               (no ring)

@: no status effects
A: no striking features
a: no special abilities


You were on level 6 of the Dungeon.
You visited 1 branch of the dungeon, and saw 6 of its levels.

You collected 130 gold pieces.

Inventory:

Hand Weapons
 a - a +0 dagger
 m - a +1 whip of flaming (weapon)
Missiles
 e - 5 poisoned darts
 q - 6 boomerangs
Armour
 b - a +0 robe (worn)
 c - a +0 hat
 h - a +0 pair of gloves (worn)
 l - a +1 helmet (worn)
 t - a +0 pair of boots (worn)
Jewellery
 d - a +4 ring of evasion
 o - an amulet of the acrobat (around neck)
 r - a +6 ring of intelligence
Scrolls
 i - a scroll of identify
 k - a scroll of fog
Potions
 f - a potion of heal wounds {unknown}
 g - a potion of haste
 n - a potion of might {unknown}
 p - a potion of magic {unknown}


   Skills:
 + Level 3.0 Fighting
 * Level 2.7 Maces & Flails
 - Level 1.5 Dodging
 - Level 1.5 Stealth
 + Level 3.2 Spellcasting
 * Level 3.7 Conjurations
 - Level 2.0 Summonings
 - Level 2.0 Translocations


You had 3 spell levels left.
You knew the following spells:

 Your Spells              Type           Power      Damage    Failure   Level
a - Magic Dart            Conj           56%        1d5       3%          1
b - Call Imp              Summ           8%         N/A       12%         2
c - Blink                 Tloc           16%        N/A       12%         2
d - Mephitic Cloud        Conj/Pois/Air  6%         N/A       32%         3

Your spell library contained the following spells:

 Spells                   Type           Power      Damage    Failure   Level
 Static Discharge         Conj/Air       8%         N/A       13%         2
 Slow                     Hex            8%         N/A       19%         1
 Conjure Flame            Conj/Fire      8%         6-21      26%         3
 Lightning Bolt           Conj/Air       4%         1d15      93%         5
 Maxwell's Capacitive Co  Air            1%         ∞         100%        8


Dungeon Overview and Level Annotations

Branches:
Dungeon (5/15)
 Temple: D:4-7

Altars:
Xom

Shops:
D:1 *   D:2 [*:(


Message History

A sky beast appears from thin air!
Reactivating autopickup.
f - a bubbling amethyst potion
Aiming: Magic Dart (safe; 3% risk of failure)
Press: ? - help, Q - select action, (/) - cycle Shift-Dir - straight line, f - sky beast
Aim: a sky beast (severely wounded, confused, 100% to hit)
The magic dart hits the sky beast.
The sky beast is severely wounded.
Unknown command.
Aiming: Magic Dart (safe; 3% risk of failure)
Press: ? - help, Q - select action, (/) - cycle Shift-Dir - straight line, f - you
Okay, then.
Found a scroll labelled USANUGRIUVI.
You start resting.
A sky beast is nearby!
You see here a scroll labelled USANUGRIUVI.
Casting: Magic Dart (safe; 3% risk of failure)
Confirm with . or Enter, or press ? or * to list all spells.
A beastly little devil appears in a puff of flame.
Your crimson imp hits the sky beast.
Your crimson imp hits the sky beast.
Your crimson imp blinks!
Aiming: Magic Dart (safe; 3% risk of failure)
Press: ? - help, Q - select action, (/) - cycle Shift-Dir - straight line, f/p - sky beast
Aim: a sky beast (almost dead, ally target, 100% to hit)
The magic dart hits the sky beast.
The sky beast is almost dead.
The sky beast hits you.
* * * LOW HITPOINT WARNING * * *
The sky beast shocks you.
* * * LOW HITPOINT WARNING * * *
Aiming: Magic Dart (safe; 3% risk of failure)
Press: ? - help, Q - select action, (/) - cycle Shift-Dir - straight line, f/p - sky beast
Aim: a sky beast (almost dead, ally target, 100% to hit)
The magic dart hits the sky beast.
The sky beast is almost dead.
The sky beast hits you.
* * * LOW HITPOINT WARNING * * *
The sky beast shocks you.
You die...

### ..# #.# #.# #.# # #.#####
###..#####.....#
.......@Y5?###.# ############
#.###
#######################...#
..........................###
..#..#..#..#..#..#..#.......#
............................#
..#..#..#..#..#..#..#.......#
..........................###
#######################...#


You could see a sky beast (ally target) and a friendly crimson imp (summoned).

Vanquished Creatures
  A black bear (D:5)
  A water moccasin skeleton (D:4)
  A jelly (D:5)
  An iguana (D:4)
  5 adders
  A shadow imp (D:6)
  A worm (D:2)
  2 dart slugs
  8 orcs
  2 bats
  3 endoplasms
  3 giant cockroaches
  7 goblins
  3 hobgoblins (D:1)
  6 jackals
  5 kobolds
  3 quokkas
  4 ball pythons
  2 frilled lizards (D:1)
  6 rats
65 creatures vanquished.

Vanquished Creatures (collateral kills)
  2 iguanas
  Robin (D:2)
  An adder (D:2)
  3 orcs
  A giant cockroach (D:3)
  5 goblins
  4 hobgoblins
  2 jackals (D:2)
19 creatures vanquished.

Grand Total: 84 creatures vanquished

Notes
Turn   | Place    | Note
-------+----------+-------------------------------------------
     0 | D:1      | Glokmah the Hill Orc Hedge Wizard began the quest for the
                  | Orb.
     0 | D:1      | Reached XP level 1. HP: 14/14 MP: 3/3
   348 | D:1      | Found Zuseq's General Store.
   374 | D:1      | Reached XP level 2. HP: 22/22 MP: 1/5
   431 | D:1      | Reached skill level 1 in Translocations
   601 | D:1      | Learned a level 2 spell: Call Imp
   874 | D:2      | Reached skill level 1 in Fighting
  1177 | D:2      | Noticed Robin
  1203 | D:1      | Reached XP level 3. HP: 14/28 MP: 3/6
  1594 | D:2      | Found a faded altar of an unknown god.
  1647 | D:2      | Learned a level 2 spell: Blink
  1659 | D:2      | Found a shimmering altar of Xom.
  1942 | D:2      | Found Faur's Antique Weapon Shop.
  2074 | D:2      | Found Ucogeacw's Book Emporium.
  2109 | D:2      | Found Zuteagus's Assorted Antiques.
  2132 | D:2      | Reached XP level 4. HP: 24/35 MP: 3/8
  2281 | D:2      | Found Namo's Armour Boutique.
  2443 | D:2      | Killed Robin
  2554 | D:2      | Learned a level 3 spell: Mephitic Cloud
  3403 | D:4      | Reached XP level 5. HP: 36/41 MP: 9/9
  4654 | D:4      | Reached skill level 1 in Maces & Flails
  5090 | D:4      | Reached XP level 6. HP: 50/50 MP: 3/10
  5723 | D:5      | Entered Level 5 of the Dungeon
  5934 | D:5      | Noticed a black bear
  6312 | D:5      | Killed a black bear
  6431 | D:5      | You fall into a shaft and drop 1 floor!
  6431 | D:6      | Noticed a sky beast
  6492 | D:6      | HP: 2/51 [sky beast (5)]
  6562 | D:6      | HP: 2/51 [sky beast (3)]
  6562 | D:6      | Slain by a sky beast

Illustrated notes

Levels and vault maps discovered:
D:1:      psy_arrival_basics, layout_rooms, serial_shops, nicolae_square_shop
D:2:      layout_basic, basic_altar, serial_shops, nicolae_square_shop,
          nicolae_shop_hallway_stairs, nicolae_shop_statue_plus, shop_statue,
          dreamdust_ecumenical_altar_statues, uniq_robin
D:3:      layout_rooms
D:4:      layout_loops_ring
D:5:      layout_gridville, minmay_temple_entry_drinking_statues
D:6:      layout_loops_cross, columned_hall_lemuel, kennysheep_nub, uniq_grinder

Skill      XL: |  1  2  3  4  5  6 |
---------------+-------------------+-----
Translocations | 1 2 |  2.0
Fighting       | 1 2 3 |  3.0
Conjurations   | 2 3 |  3.7
Summonings     | 2 |  2.0
Maces & Flails | 1 2 |  2.7
Spellcasting   | 3 |  3.2
Dodging        | |  1.5
Stealth        | |  1.5

Action                   |  1- 3 |  4- 6 || total
-------------------------+-------+-------++-------
Melee: Dagger            |    49 |    49 ||    98
       Whip              |       |   160 ||   160
       Punch             |       |     2 ||     2
Throw: Dart              |       |     3 ||     3
 Cast: Magic Dart        |    56 |    64 ||   120
       Call Imp          |     7 |    29 ||    36
       Blink             |       |    10 ||    10
       Mephitic Cloud    |       |     1 ||     1
  Use: Scroll            |       |     7 ||     7
 Stab: Sleeping          |       |     2 ||     2
Armor: Robe              |    13 |    90 ||   103
Dodge: Dodged            |    35 |   158 ||   193

Table legend: (Time is in decaauts)
 A = Elapsed time spent in this place.
 B = Non-inter-level travel time spent in this place.
 C = Inter-level travel time spent in this place.
 D = Time resting spent in this place.
 E = Time spent auto-exploring this place.
 F = Levels seen in this place.
 G = Mean time per level.
                   A        B        C        D        E       F      G
               +--------+--------+--------+--------+--------+-----+--------+
         Total |   6583 |   6248 |    335 |   1747 |   3156 |   6 | 1097.2 |
       Dungeon |   6583 |   6248 |    335 |   1747 |   3156 |   6 | 1097.2 |
               +--------+--------+--------+--------+--------+-----+--------+

Top non-repeatable levels by time:
     D:2: 2148 daAuts
     D:4: 1541 daAuts
     D:1: 1146 daAuts
     D:3: 909 daAuts
     D:5: 707 daAuts
     D:6: 130 daAuts
